 Dungeon Crawl Stone Soup version 0.20.1-1-g8b1a95d (webtiles) character file.

4159 Mitsuki the Geomancer (level 10, -10/58 HPs)
             Began as a Gargoyle Earth Elementalist on Sept 15, 2017.
             Was a Believer of Vehumet.
             Shot with a bolt by an orc warrior (28 damage)
             ... in a bailey.
             The game lasted 01:04:54 (15037 turns).

Mitsuki the Geomancer (GrEE)                       Turns: 15037, Time: 01:04:55

Health: -10/58     AC: 11    Str: 11    XL:     10   Next: 28%
Magic:  18/18      EV: 13    Int: 20    God:    Vehumet [**....]
Gold:   462        SH:  4    Dex: 10    Spells: 11/20 levels left

rFire    . . .     SeeInvis .   F - +1 whip (flame)
rCold    + . .     Gourm    .   A - +0 buckler (curse)
rNeg     + . .     Faith    .   c - +0 robe
rPois    ∞         Spirit   .   D - +1 helmet
rElec    +         Reflect  .   (no cloak)
rCorr    .         Harm     .   (no gloves)
MR       .....                  (no boots)
Stlth    ++........             (no amulet)
Regen    0.2/turn               E - ring of ice
MPRegen  0.2/turn               o - ring of protection from fire

@: no status effects
A: negative energy resistance 1, electricity resistance, unbreathing,
petrification resistance, rot immunity, AC +7
a: Renounce Religion


You were in a bailey.
You worshipped Vehumet.
Vehumet was pleased with you.
You were not hungry.

You visited 1 branch of the dungeon, and saw 7 of its levels.
You also visited: Bailey.

You collected 462 gold pieces.

Inventory:

Hand Weapons
 F - a +1 whip of flaming (weapon)
Missiles
 b - 39 stones (quivered)
Armour
 c - a +0 robe (worn)
 A - a cursed +0 buckler (worn)
 D - a +1 helmet (worn)
Magical Staves
 l - an uncursed staff of poison
Jewellery
 k - an uncursed ring of stealth
 o - a ring of protection from fire (right hand)
 E - a ring of ice (left hand)
Wands
 B - a wand of iceblast (3/15)
Scrolls
 i - 3 scrolls of remove curse
 j - 2 scrolls of identify
 r - 2 scrolls of teleportation
 x - 3 scrolls of blinking
 y - a scroll of amnesia
Potions
 a - 2 potions of berserk rage
 f - 2 potions of haste
 h - 2 potions of degeneration {unknown}
 m - 2 potions of lignification {unknown}
 n - 2 potions of flight {unknown}
 p - a potion of might
 t - a potion of cancellation {unknown}
 v - 2 potions of brilliance
 w - a potion of mutation {unknown}
Books
 e - a book of Geomancy

   Spells                             Type                      Level
   a - Sandblast                      Earth                        1
   b - Passwall                       Transmutation/Earth          2
   c - Stone Arrow                    Conjuration/Earth            3
   d - Petrify                        Transmutation/Earth          4
   e - Lee's Rapid Deconstruction     Earth                        5
Comestibles
 d - 6 bread rations


   Skills:
 + Level 4.5 Fighting
 + Level 3.5 Maces & Flails
 + Level 4.4 Armour
 + Level 4.0 Dodging
 - Level 2.1 Stealth
 - Level 4.2 Shields
 + Level 5.9 Spellcasting
 + Level 6.3 Conjurations
   Level 0.7 Transmutations
 + Level 8.0 Earth Magic
 + Level 3.4 Evocations


You had 11 spell levels left.
You knew the following spells:

 Your Spells              Type           Power        Failure   Level  Hunger
a - Sandblast             Erth           #####.       1%          1    None
b - Stone Arrow           Conj/Erth      ####..       1%          3    ##.....
c - Lee's Rapid Deconstr  Erth           #####.....   11%         5    #####..


Dungeon Overview and Level Annotations

Branches:
Dungeon (7/15)             Temple (0/1) D:7

Altars:
Vehumet
Yredelemnul

Annotations:
D:4 exclusion: statue, schorsch312's ghost, amateur HOBe


Innate Abilities, Weirdness & Mutations

You are resistant to torment.
Your stone body is resilient. (AC +7)
You are immune to poison.
You resist negative energy. (rN+)
You are resistant to electric shocks. (rElec)
You can survive without breathing.
You are immune to petrification.
You are immune to rotting.


Message History

You start resting.
Magic restored.
You start resting.
You start resting.
An orc warrior comes into view. It is wielding an arbalest.
An orc warrior is nearby!
You see here a bolt.
The orc warrior shouts!
The orc warrior shoots a bolt.
The bolt hits you.
You see here a bolt.
The orc warrior shoots a bolt.
The bolt misses you.
You see here a bolt.
Things that are here:
an arbalest; 13 bolts; a scale mail
Things that are here:
an arbalest; 24 bolts; a scale mail You start resting.
The orc warrior shoots a bolt.
The bolt hits you!!
The orc warrior shoots a bolt.
The bolt hits you!!
You die...

#.............##.#
#.............##.+
#(............##.###
#((...........##.')#
#(.(..........##.##
#.............##..#
#........(.(....(.#
#.......)...o.....#
#......@≈≈≈≈≈...(.#
#......≈≈#.#≈≈...(#
#......≈##.##≈..)..)....
#......≈..^..≈..........
#......≈##.##≈..).......
#......≈≈#.#≈≈.o........
#.......≈≈≈≈≈...........
#.......................
#.......................


You could see an orc warrior.

Vanquished Creatures
  The ghost of aatami the Changer, an amateur HuTm (D:3)
  Sigmund (D:6)
  Eustachio (D:5)
  4 orc warriors
  A sky beast (D:6)
  2 black bears (D:6)
  A phantom (D:4)
  6 ogres
  2 centaurs
  A big kobold (D:6)
  2 bullfrogs
  4 scorpions
  5 killer bees (D:7)
  3 wights
  6 electric eels (D:6)
  4 howler monkeys
  2 crimson imps
  A quasit (D:5)
  A bullfrog zombie (D:7)
  2 hounds
  2 bullfrog skeletons
  11 orc priests
  2 iguanas
  Ijyb (D:5)
  8 orc wizards
  2 worker ants
  Terence (D:2)
  A worker ant zombie (D:5)
  A gnoll (D:7)
  4 adders
  An adder skeleton (D:4)
  A worm (D:5)
  2 dart slugs
  10 leopard geckos
  47 orcs
  10 bats
  5 giant cockroaches
  10 goblins
  7 hobgoblins
  14 jackals
  11 kobolds
  5 quokkas
  A ball python (D:1)
  3 frilled lizards (D:1)
  A quokka skeleton (D:4)
  6 rats
217 creatures vanquished.

Notes
Turn   | Place    | Note
-------+----------+-------------------------------------------
     0 | D:1      | Mitsuki the Gargoyle Earth Elementalist began the quest for the Orb.
     0 | D:1      | Reached XP level 1. HP: 10/10 MP: 3/3
   644 | D:1      | Reached XP level 2. HP: 5/15 MP: 5/5
   679 | D:1      | Reached skill level 4 in Earth Magic
  1537 | D:1      | Reached XP level 3. HP: 19/19 MP: 7/7
  1542 | D:1      | Learned a level 3 spell: Stone Arrow
  2173 | D:2      | Noticed Terence
  2185 | D:2      | Killed Terence
  2185 | D:2      | Reached skill level 1 in Conjurations
  2185 | D:2      | Reached XP level 4. HP: 5/24 MP: 1/8
  3411 | D:3      | Reached skill level 5 in Earth Magic
  3708 | D:3      | Reached XP level 5. HP: 28/28 MP: 9/9
  4392 | D:3      | Learned a level 5 spell: Lee's Rapid Deconstruction
  4657 | D:3      | Noticed aatami's ghost (amateur HuTm)
  4665 | D:3      | Killed aatami's ghost
  4665 | D:3      | Reached skill level 6 in Earth Magic
  4665 | D:3      | Reached XP level 6. HP: 30/32 MP: 0/12
  4917 | D:4      | Noticed schorsch312's ghost (amateur HOBe)
  5312 | D:4      | Reached XP level 7. HP: 32/36 MP: 9/13
  5364 | D:4      | Found a basalt altar of Yredelemnul.
  5465 | D:4      | Found a radiant altar of Vehumet.
  5474 | D:4      | Became a worshipper of Vehumet
  6645 | D:4      | Reached skill level 1 in Fighting
  6645 | D:4      | Reached skill level 1 in Armour
  7508 | D:5      | Entered Level 5 of the Dungeon
  7523 | D:5      | Noticed Eustachio
  7638 | D:5      | Killed Eustachio
  7638 | D:5      | Reached XP level 8. HP: 45/45 MP: 8/14
  7732 | D:5      | Noticed Ijyb
  7740 | D:5      | Killed Ijyb
  8305 | D:4      | Reached skill level 1 in Shields
  8305 | D:4      | Reached skill level 7 in Earth Magic
  8956 | D:5      | Reached skill level 1 in Evocations
  9176 | D:5      | Reached skill level 5 in Conjurations
  9369 | D:5      | Reached skill level 1 in Maces & Flails
  9974 | D:5      | Reached * piety under Vehumet
  9974 | D:5      | Offered knowledge of Sting by Vehumet.
 10310 | D:6      | Reached skill level 5 in Spellcasting
 10310 | D:6      | Reached XP level 9. HP: 45/49 MP: 9/16
 12898 | D:6      | Reached ** piety under Vehumet
 12898 | D:6      | Offered knowledge of Shock by Vehumet.
 13023 | D:6      | Noticed Sigmund
 13028 | D:6      | Killed Sigmund
 13751 | D:6      | Reached XP level 10. HP: 53/56 MP: 16/18
 14268 | D:7      | Reached skill level 8 in Earth Magic
 14274 | D:7      | Found a flagged portal.
 14304 | Bailey   | Entered a bailey
 14520 | Bailey   | Offered knowledge of Searing Ray by Vehumet.
 15037 | Bailey   | Shot with a bolt by an orc warrior

Skill      XL: |  1  2  3  4  5  6  7  8  9 10 |
---------------+-------------------------------+-----
Earth Magic    | 4 5 6 7 8 |  8.0
Conjurations   | 1 2 3 4 5 6 |  6.3
Spellcasting   | 3 4 5 |  5.9
Fighting       | 2 4 |  4.5
Armour         | 2 4 |  4.4
Dodging        | 2 3 4 |  4.0
Shields        | 2 3 4 |  4.2
Evocations     | 1 2 3 |  3.4
Maces & Flails | 1 3 |  3.5
Stealth        | |  2.1
Transmutations | |  0.7

Action                   |  1- 3 |  4- 6 |  7- 9 | 10-12 || total
-------------------------+-------+-------+-------+-------++-------
Melee: Club              |    30 |       |       |       ||    30
       Unarmed           |    13 |       |       |       ||    13
       Whip              |    83 |       |   152 |    15 ||   250
       Flail             |       |   186 |   150 |       ||   336
       Dagger            |       |       |    35 |       ||    35
 Cast: Sandblast         |    12 |    12 |    95 |    11 ||   130
       Stone Arrow       |       |    10 |    83 |    34 ||   127
       Lee's Rapid Decon |       |       |     7 |     1 ||     8
  Use: Scroll            |       |       |     4 |     8 ||    12
       Potion            |       |       |     1 |     1 ||     2
 Stab: Sleeping          |       |     1 |     2 |       ||     3
  Eat: Chunk             |     4 |     8 |    23 |     1 ||    36
       Meat ration       |       |     1 |       |       ||     1
       Royal jelly       |       |       |     3 |       ||     3
       Fruit             |       |       |     5 |       ||     5
       Bread ration      |       |       |       |     1 ||     1
Armor: Robe              |    51 |    99 |   154 |    15 ||   319
Dodge: Dodged            |   106 |   143 |   256 |    36 ||   541
Block: Buckler           |       |       |       |     7 ||     7
